 Dungeon Crawl Stone Soup version 0.22-a0-407-gb098539 (webtiles) character file.

154 dstrtnsr the Chopper (level 5, -4/48 HPs)
             Began as a Hill Orc Berserker on May 9, 2018.
             Was a Follower of Trog.
             Slain by a wight
             ... wielding a +0 flail
              (7 damage)
             ... on level 4 of the Dungeon.
             The game lasted 00:01:11 (1626 turns).

dstrtnsr the Chopper (Hill Orc Berserker)           Turns: 1626, Time: 00:01:11

Health: -4/48      AC:  5    Str: 21    XL:     5   Next: 36%
Magic:  5/5        EV: 10    Int:  7    God:    Trog [*.....]
Gold:   101        SH:  3    Dex: 10    Spells: 4/4 levels left

rFire    . . .     SeeInvis .   a - +0 hand axe
rCold    . . .     Gourm    .   (no shield)
rNeg     . . .     Faith    .   c - +0 ring mail
rPois    +         Spirit   .   (no helmet)
rElec    .         Reflect  +   (no cloak)
rCorr    .         Harm     .   (no gloves)
MR       .....                  (no boots)
Stlth    ..........             d - +3 amulet of reflection
HPRegen  0.16/turn              p - ring of poison resistance
MPRegen  0.09/turn              (no ring)

@: berserk cooldown, very slightly contaminated, slowed, drained, very slow
A: no striking features
a: Berserk, Renounce Religion


You were on level 4 of the Dungeon.
You worshipped Trog.
Trog was aware of your devotion.
You were not hungry.

You visited 1 branch of the dungeon, and saw 3 of its levels.

You collected 101 gold pieces.

Inventory:

Hand Weapons
 a - a +0 hand axe (weapon)
Armour
 c - a +0 ring mail (worn)
Jewellery
 d - a +3 amulet of reflection (around neck)
 g - a +5 ring of strength {unknown}
 p - a ring of poison resistance (left hand)
Scrolls
 b - a scroll of identify {@r1}
Potions
 h - a potion of brilliance {unknown}
 j - a potion of flight {unknown}
Comestibles
 e - 5 rations {!d}


   Skills:
 + Level 5.0(4.1) Fighting
 * Level 6.7(5.8) Axes
 - Level 2.1(1.3) Armour
 - Level 1.5(0.7) Dodging


You had 4 spell levels left.
You didn't know any spells.

Dungeon Overview and Level Annotations

Branches:
Dungeon (2/15)

Altars:
Gozag
The Shining One


Message History

e - 6 rations {!d} (gained 1) 2 wights come into view.
A wight is wielding a dagger of freezing.
A wight is wielding a vampiric trident.
Found 16 bolts.
There are monsters nearby!
There are monsters nearby!
There are monsters nearby!
There are monsters nearby!
There are monsters nearby!
A red film seems to cover your vision as you go berserk!
You feel yourself moving faster!
You feel mighty!
You are starving!
You are too berserk!
You are too hungry to fight recklessly!
You feel a strong urge to attack something.
A wight comes into view. It is wielding a flail.
You see here 16 bolts.
You are too hungry to fight recklessly!
You are too hungry to fight recklessly!
You slash the wight!
The wight is almost destroyed.
The wight hits you with a dagger of freezing.
You feel drained. The wight freezes you.
You are too hungry to fight recklessly!
You are too hungry to fight recklessly!
You are too hungry to fight recklessly!
You are too hungry to fight recklessly!
You slash the wight!
You destroy the wight!
Trog accepts your kill.
Your life force feels restored.
Your Axes skill increases to level 6!
Unknown command.
You are too hungry to fight recklessly!
You are too hungry to fight recklessly!
The wight hits you but does no damage.
Things that are here:
a dagger of freezing; a robe You are too hungry to fight recklessly!
You are too hungry to fight recklessly!
You hit the wight but do no damage.
You are too hungry to fight recklessly!
You slash the wight!
The wight is severely damaged.
The wight hits you with a vampiric trident!
You feel drained.
The wight draws strength from your wounds!
You are too hungry to fight recklessly!
You slash the wight!
You destroy the wight!
Trog accepts your kill.
Your Fighting skill increases to level 5!
You have reached level 5!
You feel stronger.
You are no longer berserk.
You are exhausted.
You feel yourself slow down.
You are too hungry to fight recklessly!
You closely miss the wight. The wight hits you with a flail!
You feel drained.
You are too hungry to fight recklessly!
You closely miss the wight. You block the wight's attack.
You are too hungry to fight recklessly!
You hit the wight but do no damage. The wight hits you with a flail.
You feel drained.
Unknown command.
You are too injured to fight recklessly!
You hit the wight.
The wight is lightly damaged.
The wight misses you. The wight barely misses you.
You are too injured to fight recklessly!
Unknown command.
You eat one of the 6 rations {!d}.
That ration really hit the spot!
The wight hits you with a flail!
* * * LOW HITPOINT WARNING * * *
You closely miss the wight.
The wight is lightly damaged.
The wight hits you with a flail.
* * * LOW HITPOINT WARNING * * *
Unknown command.
The wight closely misses you.
Blink to where?
Press: ? - help, Dir - move target cursor You are very lightly contaminated with residual magic.
As you read the scroll of blinking, it crumbles to dust.
The wight hits you with a flail.
* * * LOW HITPOINT WARNING * * *
You feel drained.
You hit the wight.
The wight is moderately damaged.
The wight closely misses you.
You hit the wight but do no damage.
The wight is moderately damaged.
The wight closely misses you.
You closely miss the wight.
The wight is moderately damaged.
The wight closely misses you.
You hit the wight.
The wight is heavily damaged.
The wight hits you with a flail!
You die...

#############
#..(z))......
#.##########. #.#
#.# #.#
#######.####...
....##..
.......z.....#
#...##.#
.######@########
....... #.........
.... # #..######
#... #..#...#
#.#.###
#......#####.#.#..
#........"...#....
#####.######.###..
#.# #..# #.. #.#
#.## #..


You could see a wight.

Vanquished Creatures
  2 wights (D:4)
  An iguana (D:4)
  2 adders (D:4)
  An adder zombie (D:4)
  2 adder skeletons (D:4)
  A worm (D:4)
  2 leopard geckos
  An orc (D:4)
  2 goblins (D:2)
  2 hobgoblins
  A bat (D:1)
  A jackal skeleton (D:4)
  3 kobolds
21 creatures vanquished.

Notes
Turn   | Place    | Note
-------+----------+-------------------------------------------
     0 | D:1      | dstrtnsr the Hill Orc Berserker began the quest for the Orb.
     0 | D:1      | Reached XP level 1. HP: 19/19 MP: 1/1
    23 | D:1      | Found a glowing golden altar of the Shining One.
   182 | D:1      | HP: 8/20 [leopard gecko (2)]
   629 | D:2      | Reached XP level 2. HP: 26/27 MP: 2/2
   697 | D:2      | You fall through a shaft for 2 floors!
   729 | D:4      | Reached skill level 5 in Axes
   763 | D:4      | Reached XP level 3. HP: 23/33 MP: 3/3
   895 | D:4      | Found an opulent altar of Gozag.
  1089 | D:4      | HP: 8/33 [iguana (6)]
  1093 | D:4      | Reached XP level 4. HP: 12/41 MP: 4/4
  1605 | D:4      | Reached skill level 6 in Axes
  1609 | D:4      | Reached skill level 5 in Fighting
  1609 | D:4      | Reached XP level 5. HP: 48/48 MP: 5/5
  1612 | D:4      | HP: 18/48 [wight/flail (4)]
  1614 | D:4      | HP: 7/48 [wight/flail (10)]
  1615 | D:4      | HP: 1/48 [wight/flail (6)]
  1622 | D:4      | HP: 2/48 [wight/flail (1)]
  1626 | D:4      | Slain by a wight

Vault maps used:
D:1:      mrwooster_arrival_statue, doesnt_xom_only_xom
D:2:      kennysheep_slug_shrine, minivault_24, fedhas_altar_1
D:4:      first_ration, minmay_fountain_box, grunt_gozag_breadcrumbs

Skill      XL: |  1  2  3  4 |
---------------+-------------+-----
Fighting       | 4 5 |  5.0
Axes           | 5 6 |  6.7
Armour         | |  2.1
Dodging        | |  1.5

Action                   |  1- 3 |  4- 6 || total
-------------------------+-------+-------++-------
Melee: Hand axe          |    91 |    25 ||   116
Invok: Berserk           |     2 |     1 ||     3
  Use: Scroll            |     1 |     2 ||     3
  Eat: Chunk             |     2 |     1 ||     3
       Ration            |       |     1 ||     1
Armor: Ring mail         |    28 |     2 ||    30
Dodge: Dodged            |    48 |     8 ||    56
Block: Other             |       |     1 ||     1

Table legend:
 A = Spawn XP
 B = Non-spawn XP
 C = Spawn XP percentage of total XP
 D = Spawn monster count
 E = Non-spawn monster count
 F = Spawn count percentage of total count
 G = Total turns spent on level
                    A         B        C        D         E        F      G
               +---------+---------+-------+---------+---------+-------+---------
         Total |       0 |     221 |   0.0 |       0 |      21 |   0.0 |  1626
               +---------+---------+-------+---------+---------+-------+---------
           D:1 |       0 |       8 |   0.0 |       0 |       5 |   0.0 |   618
           D:2 |       0 |       9 |   0.0 |       0 |       5 |   0.0 |    79
           D:4 |       0 |     204 |   0.0 |       0 |      11 |   0.0 |   929
               +---------+---------+-------+---------+---------+-------+---------
